AoeStats
← 下巴掉了

Nomad

504466461Analyzed
4v4 RM · 26d ago on Sep 5, 2026· 53m 58s· 8 players
Game mode
Random Map
Map size
231×231
Population
200
Speed
Normal
Resources
Standard
Victory
Conquest
Starting age
Dark Age
Ending age
Imperial Age
RankedLock teamsTeams togetherTeam positionsShared explorationLock speedFull tech treeHidden civsTurbo modeCheats
Victory
Defeat
🇩🇪 Teutons · Germany
1123
+13
🇳🇴 Chinese · Norway
1084
+14
🇷🇴 Burgundians · Romania
1031
+16
🇩🇪 Byzantines · Germany
987
+19
🇨🇳 Teutons · China
1090
-17
🇹🇼 Spanish · Taiwan
1032
-15
🇬🇧 Armenians · United Kingdom
1028
-15
🇩🇪 Dravidians · Germany
1026
-15
Gaming Kitty
4:21 Loom
SaltMagnet
4:57 Loom
PIGGI A MAND!!!
4:04 Loom
14:32 Feudal Age
16:09 Double-Bit Axe
19:49 Castle Age
17:48 Gold Mining
24:50 Crossbowman
35:20 Wheelbarrow
34:31 Town Watch
38:56 Horse Collar
44:29 Imperial Age
44:04 Ballistics
43:36 Fletching
43:46 Padded Archer Armor
44:57 Bodkin Arrow
45:17 Leather Archer Armor
45:24 Heavy Plow
45:42 Heavy Rocket Cart
47:32 Bow Saw
47:06 Pikeman
47:47 Squires
50:57 Elite Chu Ko Nu
51:40 Great Wall
54:21 Hand Cart
54:13 Bracer
54:29 Leather Archer Armor
54:25 Forging
54:16 Scale Mail Armor
54:21 Scale Barding Armor
54:44 Conscription
SyL1on
16:25 Feudal Age
15:21 Double-Bit Axe
15:31 Fishing Lines
16:36 Horse Collar
18:53 Man-at-Arms
24:46 Castle Age
29:25 Wheelbarrow
35:15 Bow Saw
36:41 Heavy Plow
37:14 Hand Cart
41:13 Imperial Age
40:35 Scale Mail Armor
40:45 Forging
40:41 Scale Barding Armor
42:03 Burgundian Vineyards
42:44 Chain Barding Armor
42:41 Chain Mail Armor
43:02 Iron Casting
44:47 Chemistry
43:58 Masonry
43:43 Murder Holes
44:54 Two-Man Saw
44:25 Crop Rotation
44:48 Plate Barding Armor
45:05 Elite Coustillier
47:20 Plate Mail Armor
colafantahunter
10:07 Loom
20:23 Feudal Age
25:01 Double-Bit Axe
26:24 Gold Mining
26:58 Stone Mining
30:06 Castle Age
29:27 Fishing Lines
31:30 Wheelbarrow
31:34 Gillnets
32:12 Town Watch
33:08 Wheelbarrow
39:10 Hand Cart
40:47 Town Patrol
41:02 Bow Saw
40:34 Horse Collar
45:57 Imperial Age
43:30 Fletching
43:41 Padded Archer Armor
44:49 Medical Corps
44:59 Thumb Ring
44:51 Bodkin Arrow
45:12 Leather Archer Armor
47:16 Elite Elephant Archer
49:27 Bracer
Botgamer928
13:20 Loom
15:38 Feudal Age
16:08 Man-at-Arms
16:35 Arson
17:34 Forging
17:05 Long Swordsman
18:36 Scale Mail Armor
26:50 Castle Age
25:33 Double-Bit Axe
26:26 Gold Mining
28:39 Fishing Lines
30:24 Fletching
31:13 Ballistics
34:01 Wheelbarrow
34:17 Gillnets
36:59 Bodkin Arrow
37:46 Horse Collar
39:35 Bloodlines
38:45 Light Cavalry
39:35 Bloodlines
46:29 Imperial Age
47:35 Bow Saw
48:02 Gold Shaft Mining
47:43 Heavy Plow
47:22 Elite Composite Bowman
48:22 Conscription
49:55 Iron Casting
49:35 Chain Mail Armor
49:20 Gambesons
51:18 Fereters
52:03 Two-Handed Swordsman
52:43 Squires
紫幽冰云
下巴掉了
4:55 Loom
Connection lost

Rejoining the realm…

Still unreachable

The connection could not be restored.

Session expired

The server has moved on; the page needs a fresh start.